 Dungeon Crawl Stone Soup version 0.25-a0-464-g3004169c2b (webtiles) character file.

Game seed: 13285650714987324452, levelgen mode: deterministic

74 Lugonue the Skirmisher (level 4, -3/36 HPs)
             Began as a Gnoll Wanderer on Feb 4, 2020.
             Was a Follower of Hepliaklqana.
             Slain by Grinder (7 damage)
             ... while paralysed by Grinder
             ... on level 3 of the Dungeon.
             The game lasted 00:02:56 (1808 turns).

Lugonue the Skirmisher (Gnoll Wanderer)             Turns: 1808, Time: 00:02:57

Health: -3/36      AC:  3    Str: 17    XL:     4   Next: 30%
Magic:  6/6        EV:  2    Int: 14    God:    Hepliaklqana [*.....]
Gold:   153        SH:  0    Dex: 13    Spells: 5/5 levels left

rFire    . . .     SeeInvis .   a - +2 quarterstaff
rCold    . . .     Gourm    .   (shield currently unavailable)
rNeg     . . .     Faith    .   h - +0 leather armour
rPois    .         Spirit   .   (no helmet)
rElec    .         Reflect  .   (no cloak)
rCorr    .         Harm     .   (no gloves)
MR       .....                  (no boots)
Stlth    +.........             (no amulet)
HPRegen  0.12/turn              (no ring)
MPRegen  0.10/turn              (no ring)

@: paralysed
A: distributed training, reduced essence, fangs 1, strong nose
a: Recall Ancestor, Ancestor Identity, Renounce Religion


You were on level 3 of the Dungeon.
You worshipped Hepliaklqana.
Hepliaklqana was aware of your devotion.
You were hungry.

You visited 1 branch of the dungeon, and saw 3 of its levels.

You collected 153 gold pieces.

Inventory:

Hand Weapons
 a - a +2 quarterstaff (weapon)
 s - a +0 rapier
Armour
 c - a +0 robe
 h - a +0 leather armour (worn)
Jewellery
 i - an uncursed ring of protection from cold {unknown}
Scrolls
 b - 2 scrolls of teleportation
 e - a scroll of blinking {unknown}
 f - a scroll of immolation {unknown}
 g - 3 scrolls of identify {unknown}
 j - a scroll of remove curse {unknown}
 k - 2 scrolls of noise {unknown}
 n - a scroll of enchant armour {unknown}
 r - a scroll of random uselessness {unknown}
Potions
 l - a potion of brilliance {unknown}
 m - 2 potions of curing {unknown}
 o - a potion of agility {unknown}
 p - a potion of cancellation {unknown}
 q - a potion of mutation {unknown}
Comestibles
 d - 3 rations


   Skills:
 + Level 6.6 Fighting
 + Level 1.0 Short Blades
 + Level 1.0 Long Blades
 + Level 1.0 Axes
 + Level 1.0 Maces & Flails
 + Level 1.0 Polearms
 + Level 4.6 Staves
 + Level 1.0 Slings
 + Level 1.0 Bows
 + Level 2.7 Crossbows
 + Level 1.0 Throwing
 + Level 2.7 Armour
 + Level 2.7 Dodging
 + Level 1.0 Stealth
 + Level 2.7 Shields
 + Level 1.0 Unarmed Combat
 + Level 1.0 Spellcasting
 + Level 0.8 Conjurations
 + Level 0.8 Hexes
 + Level 0.8 Charms
 + Level 0.8 Summonings
 + Level 0.8 Necromancy
 + Level 0.8 Translocations
 + Level 0.8 Transmutations
 + Level 0.8 Fire Magic
 + Level 0.8 Ice Magic
 + Level 0.8 Air Magic
 + Level 0.8 Earth Magic
 + Level 0.8 Poison Magic
 + Level 1.1 Invocations
 + Level 2.7 Evocations


You had 5 spell levels left.
You didn't know any spells.
Your spell library was empty.

Dungeon Overview and Level Annotations

Branches:
Dungeon (3/15)

Altars:
Hepliaklqana
Qazlal
Sif Muna
Trog
Vehumet

Annotations:
D:3 Grinder


Innate Abilities, Weirdness & Mutations

Your experience applies equally to all skills.
You have very sharp teeth.
Your uncanny sense of smell can sniff out nearby items.
Your life essence is reduced to manifest your ancestor. (-10% HP)


Message History

The orc hits you but does no damage.
You barely miss Grinder.
Grinder is severely wounded.
Grinder gestures at you.
You suddenly lose the ability to move!
The frilled lizard barely misses you. The orc hits you with a +0 flail.
Grinder gestures at you. You resist with significant effort.
The frilled lizard bites you. The orc hits you but does no damage.
Grinder hits you.
You writhe in agony.
The frilled lizard bites you but does no damage.
The orc hits you with a +0 flail. Grinder gestures at you.
You shrug off the repeated paralysis!
The frilled lizard bites you. Grinder hits you.
The frilled lizard bites you but does no damage.
The orc hits you with a +0 flail!
* * * LOW HITPOINT WARNING * * *
Grinder hits you!
You die...

################
#......†.......#
#.############.#
###.# #.# ....#
#.# ∆ .#### #R#
.# #@# .#
#S5lo..# ##
#....oo......
##.#...######
)..#.... ###
#...## ##### ##


You could see the friendly Oma the ancestor, Grinder, an adder, 3 orcs and a
frilled lizard.

Vanquished Creatures
  4 dart slugs
  3 worms (D:2)
  A leopard gecko (D:2)
  9 giant cockroaches
  7 goblins
  7 hobgoblins
  2 jackals (D:2)
  A quokka (D:3)
  4 frilled lizards
  5 kobolds
  4 rats
47 creatures vanquished.

Vanquished Creatures (collateral kills)
  A leopard gecko (D:2)
  A bat (D:2)
  A jackal (D:2)
3 creatures vanquished.

Vanquished Creatures (others)
  4 toadstools (D:1)
4 creatures vanquished.

Grand Total: 54 creatures vanquished

Notes
Turn   | Place    | Note
-------+----------+-------------------------------------------
     0 | D:1      | Lugonue the Gnoll Wanderer began the quest for the Orb.
     0 | D:1      | Lugonue set off with the following items: a +2
                  | quarterstaff, 2 scrolls of teleportation, a +0 robe, a
                  | ration
     0 | D:1      | Reached XP level 1. HP: 23/23 MP: 2/2
    79 | D:1      | Reached XP level 2. HP: 26/29 MP: 3/3
   461 | D:1      | Reached XP level 3. HP: 32/35 MP: 4/4
   961 | D:2      | Reached skill level 1 in Invocations
  1156 | D:2      | Found a bloodstained altar of Trog.
  1157 | D:2      | Found a hazy altar of Hepliaklqana.
  1163 | D:2      | Found a shimmering blue altar of Sif Muna.
  1219 | D:2      | Became a worshipper of Hepliaklqana the Forgotten
  1281 | D:2      | Found a radiant altar of Vehumet.
  1328 | D:2      | Reached skill level 1 in Short Blades
  1328 | D:2      | Reached skill level 1 in Long Blades
  1328 | D:2      | Reached skill level 1 in Axes
  1328 | D:2      | Reached skill level 1 in Maces & Flails
  1328 | D:2      | Reached skill level 1 in Polearms
  1328 | D:2      | Reached skill level 1 in Slings
  1328 | D:2      | Reached skill level 1 in Bows
  1328 | D:2      | Reached skill level 1 in Throwing
  1328 | D:2      | Reached skill level 1 in Stealth
  1328 | D:2      | Reached skill level 1 in Unarmed Combat
  1328 | D:2      | Reached skill level 1 in Spellcasting
  1335 | D:2      | Reached XP level 4. HP: 25/36 MP: 4/6
  1606 | D:2      | Found a stormy altar of Qazlal.
  1713 | D:3      | Reached * piety under Hepliaklqana
  1797 | D:3      | Noticed Grinder
  1803 | D:3      | Paralysed by Grinder for 7 turns
  1808 | D:3      | Slain by Grinder

Levels and vault maps discovered:
D:1:      ldierk_water_garden, layout_basic
D:2:      layout_rooms, lemuel_round_altar, grunt_qazlal_sundering, minitemple,
          first_ration
D:3:      layout_loops_ring, lemuel_crystal_altar, fedhas_altar_fruit_tree,
          uniq_grinder

Skill      XL: |  1  2  3 |
---------------+----------+-----
Invocations    | 1 |  1.1
Short Blades   | 1 |  1.0
Long Blades    | 1 |  1.0
Axes           | 1 |  1.0
Maces & Flails | 1 |  1.0
Polearms       | 1 |  1.0
Slings         | 1 |  1.0
Bows           | 1 |  1.0
Throwing       | 1 |  1.0
Stealth        | 1 |  1.0
Unarmed Combat | 1 |  1.0
Spellcasting   | 1 |  1.0
Fighting       | |  6.6
Staves         | |  4.6
Crossbows      | |  2.7
Armour         | |  2.7
Dodging        | |  2.7
Shields        | |  2.7
Conjurations   | |  0.8
Hexes          | |  0.8
Charms         | |  0.8
Summonings     | |  0.8
Necromancy     | |  0.8
Translocations | |  0.8
Transmutations | |  0.8
Fire Magic     | |  0.8
Ice Magic      | |  0.8
Air Magic      | |  0.8
Earth Magic    | |  0.8
Poison Magic   | |  0.8
Evocations     | |  2.7

Action                   |  1- 3 |  4- 6 || total
-------------------------+-------+-------++-------
Melee: Quarterstaff      |    93 |    20 ||   113
       Bite              |     5 |     1 ||     6
 Stab: Distracted        |     1 |       ||     1
       Sleeping          |       |     1 ||     1
  Eat: Chunk             |     1 |     1 ||     2
Armor: Robe              |     5 |       ||     5
       Leather armour    |    14 |     3 ||    17
Dodge: Dodged            |    53 |    15 ||    68

Table legend:
 A = Non-vault XP
 B = Vault XP
 C = Vault XP percentage of total XP
 D = Non-vault monster count
 E = Vault monster count
 F = Vault count percentage of total count
                 A         B        C        D         E       F
            +---------+---------+-------+---------+---------+-------
      Total |     107 |       0 |   0.0 |      50 |       0 |   0.0
            +---------+---------+-------+---------+---------+-------
        D:1 |      42 |       0 |   0.0 |      22 |       0 |   0.0
        D:2 |      57 |       0 |   0.0 |      24 |       0 |   0.0
        D:3 |       8 |       0 |   0.0 |       4 |       0 |   0.0
            +---------+---------+-------+---------+---------+-------
